 Dungeon Crawl Stone Soup version 0.31-a0-810-ga77100ea1a (webtiles) character file.

Game seed: 14944514573435533484

909 CraigForest the Digger (level 8, -11/50 HPs)
             Began as a Formicid Earth Elementalist on Sept 21, 2023.
             Was a Believer of Okawaru.
             Mangled by a wyvern (13 damage)
             ... on level 5 of the Dungeon.
             The game lasted 00:22:38 (3943 turns).

CraigForest the Digger (FoEE)                       Turns: 3943, Time: 00:22:40

Health: -11/50     AC:  7    Str: 13    XL:     8   Next: 29%
Magic:  14/15      EV: 12    Int: 17    God:    Okawaru [**....]
Gold:   152        SH:  0    Dex: 14    Spells: 7/17 levels left

rFire   . . .        e - +1 short sword (venom)
rCold   . . .        (no shield)
rNeg    . . .        j - +3 leather armour {rPois}
rPois   +            (helmet unavailable)
rElec   .            (no cloak)
rCorr   .            l - +0 pair of gloves
SInv    +            (no boots)
Will    .....        (no amulet)
Stlth   ++           (no ring)
HPRegen 0.28/turn    (no ring)
MPRegen 0.14/turn

%: no passive effects
@: no status effects
A: permanent stasis, dig shafts and tunnels, antennae 3, four strong arms, frail
1
a: Dig, Shaft Self, Renounce Religion, Heroism


You were on level 5 of the Dungeon.
You worshipped Okawaru.
Okawaru was pleased with you.
You visited 1 branch of the dungeon, and saw 5 of its levels.

You collected 152 gold pieces.

Inventory:

Hand Weapons
 e - a +1 short sword of venom (weapon)
 m - a +0 giant club
 p - a +0 giant spiked club
Missiles
 f - 10 poisoned darts
Armour
 a - a +0 robe
 j - a +3 leather armour of poison resistance (worn)
 l - a +0 pair of gloves (worn)
Wands
 d - a wand of polymorph (8)
Scrolls
 h - 3 scrolls of identify
 n - a scroll of amnesia {unknown}
 o - a scroll of revelation {unknown}
Potions
 b - a potion of magic
 c - 2 potions of resistance
 g - 2 potions of heal wounds
 i - 2 potions of curing
 k - a potion of cancellation


   Skills:
 + Level 2.1 Fighting
 + Level 3.1 Short Blades
 + Level 2.2 Armour
 + Level 2.6 Dodging
 + Level 4.0 Stealth
 + Level 5.1 Spellcasting
 + Level 0.2 Conjurations
 + Level 1.4 Transmutations
 + Level 6.7 Earth Magic


You had 7 spell levels left.
You knew the following spells:

 Your Spells              Type           Power      Damage    Failure   Level
a - Sandblast             Erth           54%        2d13      1%          1
b - Stone Arrow           Conj/Erth      32%        3d9       13%         3
c - Petrify               Tmut/Erth      18%        N/A       32%         4
d - Passwall              Tmut/Erth      15%        N/A       4%          2

Your spell library contained the following spells:

 Spells                   Type           Power      Damage    Failure   Level
 Brom's Barrelling Bould  Conj/Erth      16%        2d4       41%         4
 Animate Dead             Necr           Unusable   N/A       N/A         4
 Haunt                    Necr/Summ      Unusable   N/A       N/A         7
 Infestation              Necr           Unusable   N/A       N/A         8

Dungeon Overview and Level Annotations

Branches:
Dungeon (5/15)
 Temple: D:4-7

Altars:
Okawaru

Shops:
D:1 (   D:5 =[


Innate Abilities, Weirdness & Mutations

You cannot be hasted, slowed, berserked, paralysed or teleported.
You can dig through walls and to a lower floor.
You have a pair of large antennae on your head. (SInv)
Your four strong arms can wield two-handed weapons with a shield.
You are frail. (-10% HP)


Message History

You kill the butterfly!
There is a stone staircase leading up here.
You start waiting.
Done waiting.
You hit the butterfly.
You kill the butterfly!
Found a stone staircase leading down.
You sense a monster nearby.
A wyvern comes into view.
The helpless wyvern fails to defend itself.
You puncture the wyvern!
The wyvern is heavily wounded.
The wyvern closely misses you. The wyvern misses you.
You barely miss the wyvern.
The wyvern is heavily wounded.
The wyvern bites you!
You hit the wyvern but do no damage.
The wyvern is poisoned.
The wyvern is heavily wounded.
The wyvern bites you!
You hit the wyvern.
The wyvern is severely wounded.
The wyvern closely misses you.
You hit the wyvern but do no damage.
The wyvern is severely wounded.
The wyvern bites you but does no damage.
The wyvern bites you!
* * * LOW HITPOINT WARNING * * *
The wyvern bites you.
* * * LOW HITPOINT WARNING * * *
You hit the wyvern but do no damage.
The wyvern looks even sicker.
The wyvern is severely wounded.
The wyvern closely misses you. The wyvern bites you!
* * * LOW HITPOINT WARNING * * *
Aiming: Sandblast (safe; 1% risk of failure)
Press: ? - help, Q - select action, (/) - cycle Shift-Dir - straight line, f - wyvern
Aim: a wyvern (almost dead, very poisoned, 83% to hit)
The blast of sand misses the wyvern.
The wyvern bites you!
You die...

#.###.#.####..#.. #.#
#####.###.........#..
#.#
............###......#
#.# #####.###.#.#
#...##.# #.# #.#
#.#.###...# # #.# ..#
#.#.......##.# #.#
.... ............ #.#
#####
#.#####.#.######.### {
........@..>.......#
#######.#l...#######
####.### #..#.#
#...#...# ####.####
#.# ##


You could see a wyvern (very poisoned).

Vanquished Creatures
  Grinder (D:4)
  3 ogres
  Blork the orc (D:4)
  A scorpion (D:4)
  2 hounds
  A jelly (D:5)
  An iguana (D:5)
  A sleepcap (D:4)
  3 orc wizards (D:5)
  4 adders
  2 worms
  A dart slug (D:3)
  9 orcs
  8 ball pythons
  3 bats
  4 endoplasms
  2 giant cockroaches (D:2)
  2 goblins
  7 hobgoblins
  9 jackals
  8 kobolds
  A quokka (D:1)
  2 frilled lizards
  7 rats
  2 butterflies (D:5)
85 creatures vanquished.

Notes
Turn   | Place    | Note
-------+----------+-------------------------------------------
     0 | D:1      | CraigForest the Formicid Earth Elementalist began the quest
                  | for the Orb.
     0 | D:1      | Reached XP level 1. HP: 13/13 MP: 3/3
   159 | D:1      | Reached skill level 4 in Earth Magic
   163 | D:1      | Reached XP level 2. HP: 19/19 MP: 1/5
   250 | D:1      | Found Urath's Antique Weapon Emporium.
   594 | D:2      | Reached XP level 3. HP: 24/24 MP: 4/6
   609 | D:2      | Found a faded altar of an unknown god.
   618 | D:2      | Prayed at the altar of an unknown god.
   618 | D:2      | Became a worshipper of Warmaster Okawaru
   618 | D:2      | Reached * piety under Okawaru
   907 | D:2      | Reached XP level 4. HP: 25/30 MP: 5/7
   920 | D:2      | Learned a level 3 spell: Stone Arrow
   925 | D:2      | Learned a level 4 spell: Petrify
  2015 | D:3      | Reached skill level 5 in Earth Magic
  2015 | D:3      | Reached XP level 5. HP: 28/35 MP: 9/9
  2018 | D:3      | Learned a level 2 spell: Passwall
  2328 | D:4      | Noticed Grinder
  2387 | D:4      | Killed Grinder
  2388 | D:4      | Reached skill level 1 in Fighting
  2388 | D:4      | Reached skill level 1 in Short Blades
  2388 | D:4      | Reached skill level 1 in Armour
  2388 | D:4      | Reached XP level 6. HP: 43/43 MP: 2/11
  2391 | D:4      | Noticed an ogre
  2400 | D:4      | Killed an ogre
  2400 | D:4      | Reached ** piety under Okawaru
  2401 | D:4      | Reached XP level 7. HP: 48/48 MP: 2/12
  2535 | D:4      | Gained mutation: You are frail. (-10% HP) [potion of
                  | mutation]
  2629 | D:4      | Noticed Blork the orc
  2635 | D:4      | Killed Blork the orc
  3474 | D:5      | Entered Level 5 of the Dungeon
  3479 | D:5      | Reached skill level 6 in Earth Magic
  3563 | D:5      | Reached XP level 8. HP: 28/49 MP: 8/15
  3681 | D:5      | Found Empuwitio's Armour Shop.
  3687 | D:5      | Found Guiloman's Jewellery Shop.
  3767 | D:5      | Reached skill level 5 in Spellcasting
  3931 | D:5      | Noticed a wyvern
  3942 | D:5      | HP: 2/50 [wyvern (9)]
  3943 | D:5      | Mangled by a wyvern

Illustrated notes

Levels and vault maps discovered:
D:1:      sevenhm_arrival_forest_fort_small_5, layout_rooms, serial_shops,
          nicolae_shop_window_shopping
D:2:      layout_loops_ring, chequers_ecumenical_altar_simple,
          kennysheep_generic_room_8
D:3:      layout_basic, nrook_loot_triangle
D:4:      layout_cave_pools, serial_bayou, serial_bayou_pond_c,
          serial_bayou_crossing, serial_bayou_ford_a, serial_bayou_pond_a,
          uniq_grinder, uniq_blork_the_orc, uniq_eustachio
D:5:      layout_basic, zin_angel, nicolae_ashenzari_panopticon,
          grunt_temple_overflow_open, minmay_temple_entry_butterflies,
          serial_shops, nicolae_shop_tiny_real_fake_doors, shop,
          nicolae_shop_competitors_out_of_business, nicolae_shop_peninsula,
          wad_rectangle_vault

Skill      XL: |  1  2  3  4  5  6  7  8 |
---------------+-------------------------+-----
Earth Magic    | 4 5 6 |  6.7
Stealth        | 3 4 |  4.0
Dodging        | 2 |  2.6
Spellcasting   | 3 4 5 |  5.1
Fighting       | 1 2 |  2.1
Short Blades   | 1 2 3 |  3.1
Armour         | 1 2 |  2.2
Conjurations   | |  0.2
Transmutations | |  1.4

Action                     |  1- 3 |  4- 6 |  7- 9 || total
---------------------------+-------+-------+-------++-------
  Melee: Unarmed           |    25 |       |       ||    25
         Short sword       |    16 |    32 |    76 ||   124
         Punch             |       |       |     2 ||     2
   Cast: Sandblast         |    27 |    28 |    25 ||    80
         Stone Arrow       |       |       |     4 ||     4
         Passwall          |       |       |     2 ||     2
    Use: Scroll            |     1 |     5 |     5 ||    11
         Potion            |       |     2 |     2 ||     4
   Stab: Sleeping          |     3 |       |     2 ||     5
 Armour: Robe              |    20 |     5 |       ||    25
         Leather armour    |       |    13 |    55 ||    68
  Dodge: Dodged            |    36 |    14 |    56 ||   106

Table legend: (Time is in decaauts)
 A = Elapsed time spent in this place.
 B = Non-inter-level travel time spent in this place.
 C = Inter-level travel time spent in this place.
 D = Time resting spent in this place.
 E = Time spent auto-exploring this place.
 F = Levels seen in this place.
 G = Mean time per level.
                   A        B        C        D        E       F      G
               +--------+--------+--------+--------+--------+-----+--------+
         Total |   3978 |   3768 |    210 |    200 |   2564 |   5 |  795.6 |
       Dungeon |   3978 |   3768 |    210 |    200 |   2564 |   5 |  795.6 |
               +--------+--------+--------+--------+--------+-----+--------+

Top non-repeatable levels by time:
     D:4: 1120 daAuts
     D:3: 1043 daAuts
     D:2: 771 daAuts
     D:1: 575 daAuts
     D:5: 467 daAuts
